General information
- name: BNet
- type: Ladder 1vs1/FFA
- host: Battle.net
- saver: greendestiny
map: SecretValley
- players: 2
- length: 17:40
- speed: Fast
- version: 1.24 W3XP
- replay type: Public
» download(90 KB)
Players
team 1 (loser)
fs- (
green | 200 APM | 3532 actions | 17:38)
4 Archmage
2 Summon Water Elemental
2 Brilliance Aura
» actions
| Assign group hotkey | 865 | |
| Basic commands | 30 | |
| Build / train | 125 | |
| ESC pressed | 2 | |
| Enter build submenu | 30 | |
| Enter hero's abilities submenu | 4 | |
| Remove unit from queue | 3 | |
| Right click | 1487 | |
| Select / deselect | 576 | |
| Select group hotkey | 260 | |
| Use ability | 148 | |
3532 total
» units
» upgrades
» buildings
| Altar of Kings | 2 | |
| Farm | 5 | |
| Barracks | 1 | |
| Lumber Mill | 1 | |
| Scout Tower | 18 | |
| Guard Tower | 34 | |
| Arcane Vault | 1 | |
| Arcane Tower | 2 | |
64 total
» build order
00:05 Altar of Kings
00:08 Altar of Kings
00:20 Farm
00:23 Barracks
00:51 Farm
01:38 Farm
02:39 Farm
03:13 Lumber Mill
03:53 Scout Tower
03:55 Scout Tower
03:59 Scout Tower
04:02 Scout Tower
04:30 Guard Tower
04:47 Scout Tower
05:09 Scout Tower
05:11 Scout Tower
05:31 Guard Tower
05:31 Guard Tower
05:50 Guard Tower
05:59 Guard Tower
06:00 Guard Tower
06:00 Guard Tower
07:25 Scout Tower
07:26 Scout Tower
07:31 Scout Tower
07:56 Guard Tower
07:56 Guard Tower
08:00 Guard Tower
08:10 Guard Tower
09:29 Arcane Vault
10:23 Scout Tower
10:26 Scout Tower
10:52 Arcane Tower
10:52 Arcane Tower
11:00 Guard Tower
11:00 Guard Tower
11:02 Scout Tower
11:05 Scout Tower
11:07 Scout Tower
11:26 Scout Tower
11:35 Guard Tower
11:35 Guard Tower
11:35 Guard Tower
12:15 Guard Tower
12:15 Guard Tower
12:15 Guard Tower
12:32 Guard Tower
12:32 Guard Tower
12:33 Guard Tower
13:42 Scout Tower
15:06 Scout Tower
15:59 Farm
» items
| Scroll of Regeneration | 5 | |
| Lesser Clarity Potion | 2 | |
7 total
team 2 (winner)
greendestiny (
red | 149 APM | 2640 actions | 17:40)
6 Far Seer
3 Feral Spirit
2 Chain Lighting
1 Earth Quake
» actions
| Assign group hotkey | 120 | |
| Basic commands | 382 | |
| Build / train | 74 | |
| ESC pressed | 7 | |
| Enter build submenu | 16 | |
| Enter hero's abilities submenu | 6 | |
| Right click | 882 | |
| Select / deselect | 675 | |
| Select group hotkey | 266 | |
| Use ability | 212 | |
2640 total
» units
| Peon | 22 | |
| Troll Headhunter/Berserker | 6 | |
| Grunt | 11 | |
| Demolisher | 4 | |
43 total
» upgrades
» buildings
| Altar of Storms | 1 | |
| Orc Burrow | 6 | |
| War Mill | 1 | |
| Barracks | 3 | |
| Voodoo Lounge | 2 | |
| Stronghold | 2 | |
| Watch Tower | 2 | |
17 total
» build order
00:05 Altar of Storms
00:18 Orc Burrow
00:50 War Mill
01:04 Barracks
01:43 Orc Burrow
02:58 Voodoo Lounge
03:30 Voodoo Lounge
04:01 Orc Burrow
06:26 Orc Burrow
07:13 Orc Burrow
08:51 Barracks
09:33 Barracks
09:34 Stronghold
09:35 Stronghold
10:34 Watch Tower
10:36 Orc Burrow
13:34 Watch Tower
» items
| Lesser Clarity Potion | 12 | |
| Healing Salve | 5 | |
| Potion of Healing | 1 | |
18 total
Chat log
(00:12 / All) fs-: gl hf
(00:15 / All) greendestiny: same
(17:38 / All) fs-: gg